 Dungeon Crawl Stone Soup version 0.27.1-1-g398f81649c (webtiles) character file.

Game seed: 5096490507805766656

567 Naeght the Spear-Bearer (level 7, -6/55 HPs)
             Began as a Merfolk Gladiator on Sept 10, 2021.
             Was a Follower of Okawaru.
             Killed from afar by an acid dragon (16 damage)
             ... with a splash of acid
             ... on level 4 of the Dungeon.
             The game lasted 00:10:10 (5079 turns).

Naeght the Spear-Bearer (Merfolk Gladiator)         Turns: 5079, Time: 00:10:11

Health: -6/55      AC: 10    Str: 16      XL:     7   Next: 33%
Magic:  7/7        EV: 14    Int:  7      God:    Okawaru [*.....]
Gold:   160        SH:  0    Dex: 15 (16) Spells: 6/6 levels left

rFire    . . .     SeeInvis .   a - +0 trident
rCold    + . .     Faith    .   (no shield)
rNeg     . . .     Spirit   .   x - +0 leather armour {Will+}
rPois    .         Reflect  .   c - +0 helmet
rElec    .         Harm     .   (no cloak)
rCorr    .         Rampage  .   g - +0 pair of gloves
Will     +....                  h - +0 pair of boots
Stlth    +.........             (no amulet)
HPRegen  0.18/turn              e - +4 ring of protection
MPRegen  0.10/turn              m - ring of protection from cold

@: no status effects
A: (nimble swimmer 2), mertail
a: Renounce Religion, Heroism


You were on level 4 of the Dungeon.
You worshipped Okawaru.
Okawaru was aware of your devotion.
You visited 1 branch of the dungeon, and saw 5 of its levels.

You collected 160 gold pieces.

Inventory:

Hand Weapons
 a - a +0 trident (weapon)
Missiles
 d - 3 throwing nets
 f - 6 javelins
 s - 9 poisoned darts (quivered)
Armour
 c - a +0 helmet (worn)
 g - a +0 pair of gloves (worn)
 h - a +0 pair of boots (worn)
 x - a +0 leather armour of willpower (worn)
Jewellery
 e - a +4 ring of protection (left hand)
 m - a ring of protection from cold (right hand)
Scrolls
 i - 3 scrolls of amnesia {unknown}
 l - 2 scrolls of teleportation {unknown}
 o - a scroll of identify {unknown}
 p - a scroll of enchant armour {unknown}
 q - a scroll of torment {unknown}
 r - a scroll of magic mapping {unknown}
 w - a scroll of fog {unknown}
Potions
 j - 2 potions of degeneration {unknown}
 k - 2 potions of flight {unknown}
 n - 2 potions of haste {unknown}
 t - a potion of heal wounds {unknown}
 u - 2 potions of curing
 v - a potion of cancellation {unknown}


   Skills:
 + Level 4.6 Fighting
 * Level 9.0 Polearms
 - Level 2.0 Throwing
 + Level 6.3 Dodging


You had 6 spell levels left.
You didn't know any spells.
Your spell library was empty.

Dungeon Overview and Level Annotations

Branches:
Dungeon (5/15)
 Temple: D:4-7

Altars:
Okawaru


Innate Abilities, Weirdness & Mutations

((You are quick and stealthy near water. (Stealth+, EV+, Speed+++)))
Your lower body shifts to a powerful aquatic tail in water.


Message History

You feel strong-willed.
Drop what? 24/52 slots (_ for help) (? for menu, Esc to quit)
You drop a +0 leather armour.
There is a stone staircase leading up here.
There is a stone staircase leading down, spattered with blood here.
You climb downwards.
There is a stone staircase leading up, spattered with blood here.
You hit the acid dragon but do no damage.
The acid dragon spits acid at you. The splash of acid hits you.
The acid corrodes you!
You are splashed with acid!
You hit the acid dragon.
The acid dragon is lightly wounded.
The acid dragon bites you.
The acid dragon claws you but does no damage.
You barely miss the acid dragon.
The acid dragon is lightly wounded.
You hit the acid dragon but do no damage.
The acid dragon is lightly wounded.
The acid dragon bites you! The acid dragon barely misses you.
You hit the acid dragon.
The acid dragon is moderately wounded.
The acid dragon spits acid at you. The splash of acid hits you.
You are splashed with acid!
* * * LOW HITPOINT WARNING * * *
You barely miss the acid dragon.
The acid dragon is moderately wounded.
The acid dragon misses you. x2
The acid dragon closely misses you.
The acid dragon claws you but does no damage.
You climb upwards.
There is a stone staircase leading down, spattered with blood here.
The acid dragon spits acid at you. The splash of acid misses you.
There is a stone staircase leading up here.
Things that are here:
a +0 leather armour; a +0 rapier You are no longer corroded.
The acid dragon spits acid at you. The splash of acid hits you!
You die...

...### #.# ######
#....### ##.###....#
###....## #..#.......
........###
#.#........
..........###
#.#........
........#...###
##.#........
........##....####
#..##.......
........####.....###
#.####...... ........#
##...@..###.# #......
........# ###..[.....#
##..... .....>.##
###.....## ######
######## ##.D..#
###..## ##..###
##<....### #########
##D.###...######
........##########..##
####......


You could see an acid dragon (catching breath).

Vanquished Creatures
  Eustachio (D:4)
  A bullfrog (D:4)
  A hound (D:4)
  A bullfrog skeleton (D:5)
  An orc priest (D:4)
  An iguana (D:4)
  2 orc wizards
  A scorpion zombie (D:5)
  Robin (D:4)
  7 adders
  An adder skeleton (D:4)
  A worm (D:2)
  3 dart slugs
  13 orcs
  5 ball pythons
  4 endoplasms
  4 giant cockroaches
  10 goblins
  9 hobgoblins
  6 jackals (D:1)
  2 quokkas (D:4)
  5 bats
  4 kobolds
  3 rats
87 creatures vanquished.

Notes
Turn   | Place    | Note
-------+----------+-------------------------------------------
     0 | D:1      | Naeght the Merfolk Gladiator began the quest for the Orb.
     0 | D:1      | Reached XP level 1. HP: 16/16 MP: 1/1
   191 | D:1      | Reached XP level 2. HP: 23/23 MP: 2/2
   245 | D:1      | Reached skill level 5 in Polearms
   933 | D:2      | Reached XP level 3. HP: 28/28 MP: 3/3
  1262 | D:2      | Reached XP level 4. HP: 34/35 MP: 4/4
  1316 | D:2      | Reached skill level 6 in Polearms
  2096 | D:3      | Found an iron altar of Okawaru.
  2105 | D:3      | Became a worshipper of Warmaster Okawaru
  2256 | D:3      | Reached skill level 5 in Dodging
  2256 | D:3      | Reached XP level 5. HP: 41/41 MP: 5/5
  2532 | D:4      | Noticed Robin
  2850 | D:4      | Noticed Eustachio
  3005 | D:4      | Reached skill level 7 in Polearms
  3250 | D:4      | Reached XP level 6. HP: 41/48 MP: 6/6
  3675 | D:4      | Killed Robin
  3833 | D:4      | Reached skill level 8 in Polearms
  4103 | D:5      | Entered Level 5 of the Dungeon
  4408 | D:5      | Noticed an acid dragon
  4586 | D:4      | Killed Eustachio
  4586 | D:4      | Reached * piety under Okawaru
  4587 | D:4      | Reached skill level 9 in Polearms
  4587 | D:4      | Reached XP level 7. HP: 52/55 MP: 7/7
  5079 | D:4      | Killed from afar by an acid dragon

Illustrated notes

Levels and vault maps discovered:
D:1:      dpeg_arrival_long_road, layout_loops_ring, basic_ecumenical_altar
D:2:      layout_basic
D:3:      layout_loops_corners, okawaru_ov_weapons_minmay,
          chequers_serial_rivers_micro_c
D:4:      layout_cave_pods, uniq_eustachio, uniq_robin
D:5:      layout_cave_pools, mainiacjoe_overflow_big_doors,
          minmay_misc_feat_plants, sigmund_army

Skill      XL: |  1  2  3  4  5  6 |
---------------+-------------------+-----
Polearms       | 5 6 7 9 |  9.0
Fighting       | 3 4 |  4.6
Dodging        | 5 6 |  6.3
Throwing       | |  2.0

Action                   |  1- 3 |  4- 6 |  7- 9 || total
-------------------------+-------+-------+-------++-------
Melee: Trident           |    78 |   236 |     7 ||   321
Throw: Javelin           |       |     2 |       ||     2
       Dart              |       |     8 |       ||     8
 Stab: Sleeping          |     2 |     1 |       ||     3
Armor: Leather armour    |    28 |   113 |     2 ||   143
Dodge: Dodged            |    24 |   214 |     5 ||   243
